 Dungeon Crawl Stone Soup version 0.25.1-1-g288607f5aa (webtiles) character file.

Game seed: 12583476873813976229

29465 Ijustatesigmund the Cleaver (level 13, -14/98 HPs)
             Began as an Octopode Gladiator on July 20, 2020.
             Was an Elder of Cheibriados.
             Shot with a bolt by a yaktaur (23 damage)
             ... on level 14 of the Dungeon.
             The game lasted 00:32:16 (16280 turns).

Ijustatesigmund the Cleaver (Octopode Gladiator)   Turns: 16280, Time: 00:32:18

Health: -14/98     AC:  5    Str: 31    XL:     13   Next: 45%
Magic:  25/29      EV: 30    Int: 20    God:    Cheibriados [****..]
Gold:   566        SH:  0    Dex: 27    Spells: 9/12 levels left

rFire    . . .     SeeInvis .   a - +5 broad axe (elec)
rCold    + . .     Gourm    .   (no shield)
rNeg     . . .     Faith    .   b - +2 hat
rPois    .         Spirit   .   H - amulet of the acrobat
rElec    .         Reflect  .   f - +6 ring of strength
rCorr    .         Harm     .   o - ring of stealth
MR       .....                  l - ring of stealth
Stlth    +++++++...             s - ring of protection from cold
HPRegen  0.26/turn              v - +4 ring of slaying
MPRegen  0.21/turn              O - ring of magical power
                                P - +4 ring of evasion
                                (no ring)

@: about to teleport, studying Dodging, very slow
A: almost no armour, stealthy swim, amphibious, 8 rings, constrict 8, yellow
scales 1, camouflage 1, gelatinous body 1
a: Bend Time, Temporal Distortion, Slouch, Renounce Religion


You were on level 14 of the Dungeon.
You worshipped Cheibriados.
Cheibriados was greatly pleased with you.
You were very hungry.

You visited 2 branches of the dungeon, and saw 15 of its levels.

You collected 947 gold pieces.
You spent 381 gold pieces at shops.

Inventory:

Hand Weapons
 a - a +5 broad axe of electrocution (weapon)
 r - a +2 morningstar of protection
 y - a +3 war axe
Missiles
 c - a throwing net (quivered)
 D - 4 javelins
Armour
 b - a +2 hat (worn)
Jewellery
 f - a +6 ring of strength (left tentacle)
 g - an uncursed ring of ice
 l - a ring of stealth (on tentacle)
 o - a ring of stealth (right tentacle)
 s - a ring of protection from cold (on tentacle)
 v - a +4 ring of slaying (on tentacle)
 H - an amulet of the acrobat (around mantle)
 L - an uncursed ring of ice
 O - a ring of magical power (on tentacle)
 P - a +4 ring of evasion (on tentacle)
 Q - an uncursed amulet of reflection {unknown}
Wands
 n - a wand of iceblast (11)
 C - a wand of flame (21)
 F - a wand of digging (2)
 K - a wand of disintegration (5)
 N - a wand of acid (22)
Scrolls
 j - 3 scrolls of teleportation
 k - a scroll of identify
 q - 3 scrolls of enchant armour
 w - 5 scrolls of remove curse
 x - 3 scrolls of immolation
 z - a scroll of blinking
 E - 4 scrolls of amnesia
 I - a scroll of fog
 J - a scroll of magic mapping
Potions
 e - a potion of ambrosia
 h - 4 potions of curing
 i - 2 potions of stabbing
 m - 2 potions of brilliance
 p - 4 potions of flight
 t - 2 potions of cancellation
 u - 2 potions of lignification
 A - a potion of resistance
 M - a potion of might {unknown}
Books
 G - a manual of Dodging
Comestibles
 d - 34 rations


   Skills:
 + Level 12.5 Fighting
 + Level 12.7 Axes
 - Level 2.0 Throwing
 + Level 11.8 Dodging
 - Level 6.7 Stealth
 + Level 3.4 Translocations
 + Level 9.5 Invocations


You had 9 spell levels left.
You knew the following spells:

 Your Spells              Type           Power        Failure   Level  Hunger
a - Magic Dart            Conj           #...         19%         1    ##.....
b - Blink                 Tloc           N/A          7%          2    ###....

Your spell library contained the following spells:

 Spells                   Type           Power        Failure   Level  Hunger
 Gell's Gravitas          Tloc           ##........   14%         3    ####...
 Sandblast                Erth           #.....       19%         1    ##.....
 Call Imp                 Summ           #.......     28%         2    ###....
 Passwall                 Tmut/Erth      #.......     28%         2    ###....
 Slow                     Hex            #.......     28%         2    ###....
 Portal Projectile        Hex/Tloc       #.....       28%         3    ####...
 Conjure Flame            Conj/Fire      #.......     50%         3    ####...
 Mephitic Cloud           Conj/Pois/Air  #.......     50%         3    ####...
 Stone Arrow              Conj/Erth      #.....       50%         3    ####...
 Petrify                  Tmut/Erth      #.......     88%         4    #####..
 Lee's Rapid Deconstruct  Erth           #.........   99%         5    ######.
 Dispersal                Tloc           ##........   100%        6    #######
 Controlled Blink         Tloc           N/A          100%        8    #######
 Disjunction              Tloc           ##........   100%        8    #######


Dungeon Overview and Level Annotations

Branches:
Dungeon (14/15)            Temple (1/1) D:4            Lair (0/6) D:8
    Orc (0/2) D:9
 Vaults: D:13-14

Altars:
Ashenzari
Cheibriados
Dithmenos
Elyvilon
Fedhas
Gozag
Hepliaklqana
Kikubaaqudgha
Makhleb
Nemelex Xobeh
Okawaru
Qazlal
Ru
Sif Muna
Trog
Uskayaw
Vehumet
Wu Jian
Xom
Yredelemnul
Zin
The Shining One

Shops:
D:4 !   D:6 !   D:9 :   D:10 :

Annotations:
D:6 1 runed translucent door
D:9 3 runed translucent doors


Innate Abilities, Weirdness & Mutations

You cannot wear most types of armour.
You are very stealthy in the water. (Stealth+)
You are amphibious.
You can wear up to eight rings at the same time.
You can use your tentacles to constrict eight enemies at once.
Your skin changes colour to match your surroundings (Stealth+).
Your rubbery body absorbs attacks. (AC +1, EV +1)
You are partially covered in yellow scales. (AC +2)


Message History

The bolt hits you!!
As you read the scroll of teleportation, it crumbles to dust.
You feel strangely unstable.
A yaktaur comes into view.
The centaur warrior shoots an arrow.
The arrow completely misses you.
An orc knight comes into view. It is wielding a +1 great mace.
The centaur warrior shoots an arrow.
The arrow hits you!!
* * * LOW HITPOINT WARNING * * *
The yaktaur shoots a bolt.
The bolt hits you!
* * * LOW HITPOINT WARNING * * *
Things that are here:
a bolt; an arrow Unknown command.
You feel much better.
The centaur warrior shoots an arrow.
The arrow misses you.
An orc wizard comes into view. It is wielding a +0 dagger.
The yaktaur shoots a bolt.
The bolt hits you!!
* * * LOW HITPOINT WARNING * * *
The yaktaur shoots a bolt.
The bolt hits you!!
You die... c

#..##o . #c#..#.#
.##.#..#o##
.cc......
####.#..#.#####.K
........o..(.....
....)..(.........
###.#.(#.#####
#...).@.(..#.#
)c##.#..#.##..# #
#..#.#.#.#
#..##)#..#
#..#....[#
#..#######...
#............
#....########
.##########..#####


You could see an orc knight, a centaur warrior, 2 yaktaurs and an orc wizard.

Vanquished Creatures
  Kirke (D:11)
  3 hydras
  A centaur warrior (D:13)
  Erica (D:8)
  4 two-headed ogres
  A skeletal warrior (D:14)
  An unseen horror (D:14)
  Pikel (D:9)
  5 ugly things
  An orc knight (D:11)
  Joseph (D:7)
  Psyche (D:8)
  2 gargoyles
  6 kobold demonologists
  7 centaur skeletons
  A komodo dragon (D:13)
  An efreet (D:11)
  8 trolls
  3 slime creatures (D:13)
  2 hippogriffs
  A vampire (D:14)
  A shadow (D:13)
  2 wyverns (D:13)
  A human (D:6)
  A wraith (D:11)
  8 hogs
  9 yaks
  A steam dragon (D:7)
  A hungry ghost (D:9)
  3 wargs (D:8)
  3 black bears
  A slave (D:9)
  A necrophage (D:6)
  3 ice beasts (D:9)
  A phantom (D:9)
  4 orc warriors
  An eye of draining (D:13)
  5 ogres
  8 centaurs
  4 big kobolds
  Blork the orc (D:5)
  A gnoll sergeant (D:9)
  10 bullfrogs
  A water moccasin zombie (D:6)
  6 scorpions
  9 killer bees
  4 howler monkeys
  4 electric eels
  8 crimson imps
  2 bullfrog zombies
  2 centaur zombies
  A quasit (D:6)
  3 jellies
  9 orc priests
  3 bullfrog skeletons
  2 hounds
  6 iguanas
  15 orc wizards
  6 worker ants
  A hound skeleton (D:7)
  A howler monkey zombie (D:7)
  A howler monkey skeleton (D:8)
  A worker ant zombie (D:5)
  3 gnolls (D:9)
  9 adders
  6 shadow imps
  An ooze (D:7)
  An adder skeleton (D:5)
  4 worms
  A dart slug (D:3)
  8 leopard geckos
  58 orcs
  5 giant cockroaches
  7 goblins
  8 hobgoblins
  5 jackals (D:2)
  3 quokkas
  A ball python (D:3)
  6 bats
  2 frilled lizards
  16 kobolds
  A leopard gecko zombie (D:8)
  2 quokka zombies
  7 rats
  4 fungi (D:9)
365 creatures vanquished.

Vanquished Creatures (others)
  A human (D:12)
  An ice beast (D:12)
  A slave (D:9)
  2 adders (D:12)
5 creatures vanquished.

Grand Total: 370 creatures vanquished

Notes
Turn   | Place    | Note
-------+----------+-------------------------------------------
     0 | D:1      | Ijustatesigmund the Octopode Gladiator began the quest for
                  | the Orb.
     0 | D:1      | Reached XP level 1. HP: 14/14 MP: 1/1
     3 | D:1      | Noticed an electric eel
     3 | D:1      | Noticed an electric eel
   114 | D:1      | Reached XP level 2. HP: 20/20 MP: 2/2
  1295 | D:2      | Reached XP level 3. HP: 12/25 MP: 3/3
  2136 | D:2      | Reached XP level 4. HP: 31/31 MP: 4/4
  2929 | D:3      | Found a shimmering altar of Xom.
  2944 | D:3      | Found a transporter.
  3002 | D:3      | Found a transporter.
  3443 | D:3      | Reached XP level 5. HP: 37/37 MP: 5/5
  3734 | D:4      | Found a staircase to the Ecumenical Temple.
  3740 | D:4      | Found Ticeskog's Distillery.
  3745 | D:4      | Bought a potion of heal wounds for 55 gold pieces
  3745 | D:4      | Bought a potion of degeneration for 11 gold pieces
  4162 | D:4      | Reached skill level 1 in Stealth
  4199 | D:4      | Reached XP level 6. HP: 43/43 MP: 6/6
  4797 | D:5      | Entered Level 5 of the Dungeon
  4806 | D:5      | Reached skill level 5 in Axes
  4834 | D:5      | Noticed Blork the orc
  4836 | D:5      | Reached XP level 7. HP: 49/49 MP: 7/7
  4849 | D:5      | Killed Blork the orc
  4975 | D:5      | Found a white marble altar of Elyvilon.
  5067 | D:5      | Reached skill level 5 in Fighting
  5619 | D:6      | Reached skill level 5 in Dodging
  5817 | D:6      | Reached XP level 8. HP: 36/57 MP: 8/8
  5942 | D:6      | Found Lerid's Distillery.
  5951 | D:6      | Identified a scroll of acquirement
  5951 | D:6      | Acquired a +3 broad axe of electrocution
  5963 | D:6      | Bought a potion of heal wounds for 75 gold pieces
  5966 | D:6      | Found a glowing silver altar of Zin.
  5966 | D:6      | Found a runed translucent door.
  5966 | D:6      | Noticed an angel
  6051 | D:6      | Found a sparkling altar of Nemelex Xobeh.
  6823 | Temple   | Entered the Ecumenical Temple
  7086 | D:7      | Noticed Joseph
  7104 | D:7      | Killed Joseph
  7104 | D:7      | Reached XP level 9. HP: 51/64 MP: 9/9
  7171 | D:7      | Gained mutation: Your body sometimes deteriorates upon
                  | taking damage. [potion of mutation]
  7171 | D:7      | Lost mutation: Your body sometimes deteriorates upon taking
                  | damage. [potion of mutation]
  7171 | D:7      | Gained mutation: You are partially covered in yellow
                  | scales. (AC +2) [potion of mutation]
  7347 | D:7      | Found a basalt altar of Yredelemnul.
  7452 | D:7      | Reached skill level 5 in Stealth
  7963 | D:7      | Reached XP level 10. HP: 33/72 MP: 10/10
  8207 | D:7      | Found a shadowy altar of Dithmenos.
  8391 | D:8      | Found a staircase to the Lair.
  8405 | D:8      | Noticed Erica
  8406 | D:8      | Noticed Psyche
  8411 | D:8      | Killed Erica
  8472 | D:8      | Found an ornate altar of the Wu Jian Council.
  8480 | D:8      | Killed Psyche
  8571 | D:8      | Found a sacrificial altar of Ru.
  8791 | D:8      | Found a snail-covered altar of Cheibriados.
  8963 | D:8      | Became a worshipper of Cheibriados the Contemplative
  8987 | D:9      | Found Kethrihid's Book Emporium.
  9014 | D:9      | Reached skill level 1 in Invocations
  9330 | D:9      | Reached skill level 10 in Axes
  9334 | D:9      | Found a staircase to the Orcish Mines.
  9341 | D:9      | Reached * piety under Cheibriados
  9549 | D:9      | Reached skill level 10 in Fighting
  9910 | D:9      | Reached XP level 11. HP: 81/81 MP: 13/13
 10007 | D:9      | Found a glowing golden altar of the Shining One.
 10078 | D:9      | Noticed Pikel
 10086 | D:9      | Killed Pikel
 10092 | D:9      | Reached ** piety under Cheibriados
 10185 | D:9      | Found a runed translucent gate.
 10185 | D:9      | Found a runed translucent gate.
 10185 | D:9      | Found a runed translucent gate.
 10232 | D:9      | Noticed a glowing orange brain
 10240 | D:9      | Noticed a cyan ugly thing
 10240 | D:9      | Noticed a white very ugly thing
 10240 | D:9      | Noticed a purple ugly thing
 10287 | D:9      | Noticed a red ugly thing
 10289 | D:9      | Noticed a red ugly thing
 10329 | D:10     | Entered Level 10 of the Dungeon
 10335 | D:10     | Got a brightly glowing hand axe
 10336 | D:10     | Identified the cursed +2 hand axe "Killer Bee's Foe"
                  | {venom, *Noise +Inv rPois Int-2} (You found it on level 10
                  | of the Dungeon)
 10734 | D:10     | Found Eraablia's Book Shoppe.
 10737 | D:10     | Bought a book of Minor Magic for 240 gold pieces
 10739 | D:10     | Learned a level 1 spell: Magic Dart
 10742 | D:10     | Learned a level 2 spell: Blink
 11019 | D:11     | Noticed a four-headed hydra
 11043 | D:11     | Killed a four-headed hydra
 11043 | D:11     | Reached skill level 1 in Translocations
 11043 | D:11     | Reached skill level 5 in Invocations
 11070 | D:11     | Noticed a brown ugly thing
 11075 | D:11     | Killed a brown ugly thing
 11561 | D:11     | Acquired a manual of Dodging
 11580 | D:11     | Reached *** piety under Cheibriados
 11666 | D:11     | Noticed an orc knight
 11666 | D:11     | Noticed an orc knight
 12045 | D:11     | Killed an orc knight
 12312 | D:12     | Noticed a four-headed hydra
 12377 | D:12     | Noticed Kirke
 12377 | D:12     | Noticed a white ugly thing
 12549 | D:12     | Noticed a lindwurm
 12557 | D:11     | Killed a white ugly thing
 12856 | D:12     | Noticed a manticore
 12862 | D:11     | Killed Kirke
 12862 | D:11     | Reached XP level 12. HP: 53/90 MP: 17/17
 13627 | D:12     | Reached **** piety under Cheibriados
 13835 | D:12     | Noticed a two-headed ogre
 13838 | D:12     | Noticed a two-headed ogre
 13874 | D:12     | Killed a two-headed ogre
 13884 | D:12     | Killed a two-headed ogre
 13884 | D:12     | Reached skill level 10 in Dodging
 14269 | D:12     | Killed a four-headed hydra
 14813 | D:13     | Noticed a centaur warrior
 14814 | D:13     | Noticed a two-headed ogre
 14814 | D:13     | Noticed a four-headed hydra
 14818 | D:13     | Killed a centaur warrior
 14818 | D:13     | Reached ***** piety under Cheibriados
 14818 | D:13     | Reached XP level 13. HP: 93/97 MP: 19/19
 16280 | D:14     | Shot with a bolt by a yaktaur

Illustrated notes

Levels and vault maps discovered:
D:1:      arrival_aquarium_b, layout_basic, minmay_misc_feat_plants
D:2:      minmay_door_path, layout_loops_corners
D:3:      gammafunk_steamed_eel, layout_loops_ring,
          nicolae_overflow_crystal_walls, minmay_checkerbox
D:4:      layout_gridville, minmay_temple_entry_hall, serial_shops,
          kennysheep_little_box, first_ration, minmay_close_crescents
D:5:      layout_loops_ring, elyvilon_altar_4, uniq_blork_the_orc
D:6:      layout_gridville, old_standard_altar, serial_shops, shop,
          lemuel_angel_altar
D:7:      layout_basic, nicolae_overflow_hidden_temple, lemuel_crystal_altar,
          grunt_livestock, serial_bayou_crossing, uniq_joseph
D:8:      layout_rooms, kennysheep_mini_moat, lemuel_doored_altar,
          nicolae_ru_sacrificial_ziggurat, erik_lair_orcish_takeover,
          uniq_psyche, uniq_erica
D:9:      layout_roguey, nicolae_tso_carved_into_rock, david_orc_3,
          serial_shops, shop, ploomutoo_gammafunk_ghost_potion_laboratory,
          water_boxes_lemuel, uniq_pikel
D:10:     layout_roguey, serial_shops, nicolae_shop_behind_doors,
          kennysheep_generic_room_4
D:11:     layout_stronghold, grunt_tough_drop
D:12:     lemuel_upstairs_altar, layout_irregular_city,
          statue_in_the_mist_lemuel, uniq_kirke
D:13:     layout_irregular_city
D:14:     layout_long_grid, hangedman_vaults_entry_quadrant_bands,
          minmay_crystal_water, minmay_evil_grid
Temple:   dshaligram_water_room_temple

Skill      XL: |  1  2  3  4  5  6  7  8  9 10 11 12 13 |
---------------+----------------------------------------+-----
Fighting       | 3 4 5 7 8 10 11 12 | 12.5
Axes           | 4 5 6 7 8 10 11 12 | 12.7
Stealth        | 1 2 6 |  6.7
Dodging        | 4 5 6 8 10 11 | 11.8
Invocations    | 3 6 8 9 |  9.5
Translocations | 2 3 |  3.4
Throwing       | |  2.0

Action                   |  1- 3 |  4- 6 |  7- 9 | 10-12 | 13-15 || total
-------------------------+-------+-------+-------+-------+-------++-------
Melee: War axe           |    67 |    76 |    39 |       |       ||   182
       Tentacles         |    10 |    12 |    18 |    85 |    21 ||   146
       Constrict         |    13 |    15 |    25 |    58 |     3 ||   114
       Broad axe         |       |       |    74 |   300 |    55 ||   429
       Morningstar       |       |       |       |     4 |     3 ||     7
Throw: Throwing net      |       |     2 |     2 |     1 |       ||     5
Invok: Slouch            |       |       |       |       |     2 ||     2
Evoke: Wand              |       |       |     4 |    12 |     2 ||    18
  Use: Scroll            |     8 |     5 |     4 |    15 |     2 ||    34
       Potion            |       |       |     3 |     3 |     1 ||     7
 Stab: Sleeping          |     5 |    15 |    12 |    27 |    10 ||    69
       Distracted        |       |       |       |     5 |       ||     5
       Held in net/web   |       |       |       |     1 |       ||     1
  Eat: Chunk             |     4 |     8 |    10 |     9 |     1 ||    32
       Ration            |       |       |       |     1 |       ||     1
Armor: Skin              |     9 |     3 |     8 |    20 |     4 ||    44
Dodge: Dodged            |    46 |    44 |    83 |   251 |    66 ||   490
